 Dungeon Sprint DCSS version 0.19.4 (webtiles) character file.

16747 TryAgain the Warrior (level 12, 0/169 (171) HPs)
             Began as a Minotaur Fighter on Feb 4, 2017.
             Was the Champion of the Shining One.
             Slain by an 18-headed hydra (13 damage)
             ... in the Dungeon (Sprint I: "Red Sonja").
             The game lasted 00:19:33 (3105 turns).

TryAgain the Warrior (Minotaur Fighter)             Turns: 3105, Time: 00:19:34

HP:   0/169 (171)   AC: 11    Str: 22    XL:     12   Next: 12%
MP:   9/9           EV: 23    Int:  1    God:    the Shining One [******]
Gold: 84            SH: 33    Dex: 24    Spells: 0 memorised, 11 levels left

rFire  + . .     SeeInvis .     a - +0 long sword
rCold  . . .     Gourm    .     b - +0 scale mail
rNeg   + + +     Faith    .     s - +18 shield of the Gong {rElec rN+ MR+ EV-5}
rPois  +         Spirit   .     (helmet restricted)
rElec  +         Reflect  .     (no cloak)
rCorr  .         Harm     .     q - +0 pair of gloves
MR     +....     NoTele   +     (no boots)
Stlth  ..........               (no amulet)
                                p - ring of Makhleb's Pride {+Fly rElec rF+}
                                n - +6 ring of dexterity

@: agile, berserking, very slightly contaminated, hasted, glowing, very quick
A: retaliatory headbutt, horns 2, blurry vision 2, clumsy 1, dopey 2, frail 1,
low mp 1, poison resistance, weak 2, subdued magic 3, MP-powered wands
a: Divine Shield, Cleansing Flame, Summon Divine Warrior, Brand Weapon With Holy
Wrath, Renounce Religion, Evoke Flight


You were in the Dungeon.
You worshipped the Shining One.
The Shining One was exalted by your worship.
You were not hungry.

You visited 1 branch You collected 2077 gold pieces.
You spent 1993 gold pieces at shops.

Inventory:

Hand Weapons
 a - a +0 long sword (weapon)
Armour
 b - a +0 scale mail (worn)
 c - a +0 shield
 j - the +3 hat of Pondering {ponderous, MR+ MP+10 Int+5}
   (You found it in the Dungeon)

   It affects your intelligence (+5).
   It affects your resistance to hostile enchantments.
   It affects your magic capacity (+10).
 q - a +0 pair of gloves (worn)
 s - the +18 shield of the Gong (worn) {rElec rN+ MR+ EV-5}
   (You bought it in a shop in the Dungeon)

   It affects your evasion (-5).
   It insulates you from electricity.
   It protects you from negative energy.
   It affects your resistance to hostile enchantments.
Jewellery
 n - a +6 ring of dexterity (left hand)
 p - the ring of Makhleb's Pride (right hand) {+Fly rElec rF+}
   (You bought it in a shop in the Dungeon)

   [ring of flight]

   It protects you from fire.
   It insulates you from electricity.
   It lets you fly.
Wands
 d - a wand of lightning (7/15)
Scrolls
 k - a scroll of blinking
Potions
 e - 5 potions of curing
 i - 3 potions of magic
 o - a potion of flight {unknown}
 t - a potion of ambrosia {unknown}
 x - 2 potions of agility
 z - a potion of heal wounds
Comestibles
 f - 9 fruits
 u - 2 bread rations


   Skills:
 + Level 18.2 Fighting
 * Level 16.3 Long Blades
 + Level 15.6 Armour
 + Level 14.3 Dodging
 + Level 15.6 Shields


You had 11 spell levels left.
You didn't know any spells.

Dungeon Overview and Level Annotations

Branches:
Dungeon (1/1)

Altars:
Cheibriados
Dithmenos
Elyvilon
Fedhas
Gozag
Hepliaklqana
Kikubaaqudgha
Makhleb
Nemelex Xobeh
Okawaru
Qazlal
Ru
Sif Muna
Trog
Uskayaw
Vehumet
Xom
Yredelemnul
Zin
The Shining One
Jiyva
Lugonu

Shops:
D (?[=:![(}:}[(%:[?(([(


Innate Abilities, Weirdness & Mutations

You reflexively headbutt those who attack you in melee.
You have a pair of horns on your head.
Scrolls take you longer to read.
You are clumsy. (Dex -2)
You are very dopey. (Int -4)
You are frail. (-10% HP)
Your magical capacity is low. (-10% MP)
Your system is resistant to poisons. (rPois)
You are very weak. (Str -4)
Your spells are much easier to cast, but much less powerful.
You expend magic power (3 MP) to strengthen your wands.


Message History

GONNNNG!
You block the 18-headed hydra's attack.
BONNNG!
You block the 18-headed hydra's attack.
GONNNNG!
You block the 18-headed hydra's attack.
GONNNNG!
The 18-headed hydra barely misses you. The 18-headed hydra misses you.
The 18-headed hydra closely misses you. The 18-headed hydra misses you.
You block the 18-headed hydra's attack.
SHROANNG!
The 18-headed hydra barely misses you. The 18-headed hydra bites you!
* * * LOW HITPOINT WARNING * * *
The 18-headed hydra bites you.
* * * LOW HITPOINT WARNING * * *
You block the 18-headed hydra's attack.
PANG!
The 18-headed hydra completely misses you.
The 18-headed hydra bites you!
You die...

#################################
<.#..)..#..+..#__#..'...#(.#§.§§§
..').#..').#..).@D..#x..##'#§####
..#####'#####'#__####..m'§.#§# #
..####..#...#§####§§#####§§'§#
..#__####..##§#§≈§§.#..##+####
..#_____##+#(§§§§§§§+..#.....#
⌠⌠#_.∩...'..._#≈§≈.§#..#.....'..$
###_..__##_.#+##+#####+###§.)#...
#_____###+#.#(...###.'§#...# #'
###########.####[###.###.#.§##


You could see a 18-headed hydra.

Vanquished Creatures
  A lorocyproca (D)
  2 centaur warriors (D)
  Sonja (D)
  7 unseen horrors (D)
  A deep troll (D)
  A lindwurm (D)
  8 shining eyes (D)
  An oklob plant (D)
  A siren (D)
  A gargoyle (D)
  A kobold demonologist (D)
  4 demonic crawlers (D)
  A slime creature (D)
  A hornet (D)
  Sigmund (D)
  2 redbacks (D)
  A yak (D)
  13 hogs (D)
  5 floating eyes (D)
  An ogre (D)
  7 necrophages (D)
  8 jellies (D)
  Ijyb (D)
  2 ballistomycetes (D)
72 creatures vanquished.

Vanquished Creatures (others)
  A gargoyle (D)
  A kobold demonologist (D)
  A floating eye (D)
  2 ballistomycete spores (D)
5 creatures vanquished.

Grand Total: 77 creatures vanquished

Notes
Turn   | Place    | Note
-------+----------+-------------------------------------------
     0 | D        | TryAgain the Minotaur Fighter began the quest for the Orb.
     0 | D        | Reached XP level 1. HP: 19/19 MP: 0/0
     2 | D        | Noticed Ijyb
     7 | D        | Killed Ijyb
     7 | D        | Reached skill level 6 in Fighting
     7 | D        | Reached skill level 5 in Armour
     7 | D        | Reached skill level 5 in Shields
     7 | D        | Reached XP level 2. HP: 25/30 MP: 1/1
    14 | D        | Noticed an ogre
    19 | D        | Killed an ogre
    19 | D        | Reached skill level 8 in Fighting
    19 | D        | Reached XP level 3. HP: 37/41 MP: 2/2
    19 | D        | Reached XP level 4. HP: 44/49 MP: 3/3
    47 | D        | Noticed Sigmund
    59 | D        | Killed Sigmund
    59 | D        | Reached skill level 11 in Fighting
    59 | D        | Reached XP level 5. HP: 24/60 MP: 4/4
    59 | D        | Reached XP level 6. HP: 27/68 MP: 5/5
   364 | D        | Found a deep blue altar of Sif Muna.
   366 | D        | Found a radiant altar of Vehumet.
   368 | D        | Reached skill level 1 in Dodging
   397 | D        | Found Uvaumape's Jewellery Emporium.
   397 | D        | Found an ancient bone altar of Kikubaaqudgha.
   397 | D        | Found a hazy altar of Hepliaklqana.
   397 | D        | Found a stormy altar of Qazlal.
   397 | D        | Found a hide-covered altar of Uskayaw.
   397 | D        | Found a blossoming altar of Fedhas.
   397 | D        | Found a bloodstained altar of Trog.
   397 | D        | Found an iron altar of Okawaru.
   397 | D        | Found a basalt altar of Yredelemnul.
   397 | D        | Found a glowing golden altar of the Shining One.
   397 | D        | Found a snail-covered altar of Cheibriados.
   397 | D        | Found a sacrificial altar of Ru.
   397 | D        | Found a glowing silver altar of Zin.
   397 | D        | Found a shadowy altar of Dithmenos.
   397 | D        | Found a white marble altar of Elyvilon.
   397 | D        | Noticed a yak
   406 | D        | Killed a yak
   406 | D        | Reached skill level 12 in Fighting
   407 | D        | Found an opulent altar of Gozag.
   410 | D        | Found a sparkling altar of Nemelex Xobeh.
   417 | D        | Became a worshipper of the Shining One
   430 | D        | Found a viscous altar of Jiyva.
   430 | D        | Found a corrupted altar of Lugonu.
   430 | D        | Noticed a slime creature
   431 | D        | Found a burning altar of Makhleb.
   431 | D        | Found a shimmering altar of Xom.
   442 | D        | Killed a slime creature
   442 | D        | Reached XP level 7. HP: 28/78 MP: 6/6
   470 | D        | Bought the ring of Makhleb's Pride {+Fly rElec rF+} for 385 gold pieces
   619 | D        | Killed a gargoyle
   666 | D        | Noticed a centaur warrior
   675 | D        | Noticed a centaur warrior
   675 | D        | Reached * piety under the Shining One
   678 | D        | Killed a centaur warrior
   678 | D        | Reached skill level 14 in Fighting
   678 | D        | Reached skill level 10 in Armour
   678 | D        | Reached skill level 10 in Shields
   678 | D        | Reached XP level 8. HP: 64/89 MP: 7/7
   692 | D        | Killed a centaur warrior
   692 | D        | Reached skill level 10 in Dodging
   702 | D        | Noticed a hornet
   938 | D        | Killed a hornet
   938 | D        | Reached skill level 15 in Fighting
   938 | D        | Reached XP level 9. HP: 97/97 MP: 8/8
   950 | D        | Noticed an oklob plant
   973 | D        | Noticed a deep troll
   988 | D        | Killed a deep troll
  1355 | D        | Found Waintilo's Armour Emporium.
  1394 | D        | Killed an oklob plant
  1479 | D        | Reached ** piety under the Shining One
  1870 | D        | Noticed an unseen horror
  1871 | D        | Noticed an unseen horror
  1881 | D        | Killed an unseen horror
  1882 | D        | Killed an unseen horror
  1882 | D        | Reached XP level 10. HP: 92/107 MP: 9/9
  1893 | D        | Reached skill level 16 in Fighting
  1896 | D        | Reached *** piety under the Shining One
  1909 | D        | Reached skill level 10 in Long Blades
  2053 | D        | Reached **** piety under the Shining One
  2076 | D        | Reached ***** piety under the Shining One
  2098 | D        | Reached ****** piety under the Shining One
  2139 | D        | Found Fofira's Weapon Shoppe.
  2139 | D        | Found Naunwof's Antique Armour Shop.
  2139 | D        | Found Diroagg's Gadget Boutique.
  2141 | D        | Found Uqiwka's Book Emporium.
  2141 | D        | Found Kuese's Gadget Shop.
  2141 | D        | Found Antiniel's Armour Shoppe.
  2141 | D        | Found Optianer's Weapon Boutique.
  2141 | D        | Found Wivuhyng's Food Emporium.
  2141 | D        | Found Wetzahoff's Book Shop.
  2141 | D        | Found Xepiuz's Armour Shoppe.
  2144 | D        | Found Zoczostre's Magic Scroll Boutique.
  2145 | D        | Found Unamuomi's Weapon Emporium.
  2145 | D        | Found Joqiob's Weapon Boutique.
  2146 | D        | Found Voek's Weapon Emporium.
  2174 | D        | Bought a beef jerky for 18 gold pieces
  2174 | D        | Bought a beef jerky for 18 gold pieces
  2242 | D        | Bought the +18 shield of the Gong {rElec rN+ MR+ EV-5} for 1264 gold pieces
  2259 | D        | Noticed Sonja
  2273 | D        | Killed Sonja
  2329 | D        | Found Hisch's Antique Weapon Boutique.
  2341 | D        | Noticed a shining eye
  2341 | D        | Noticed a shining eye
  2341 | D        | Noticed a shining eye
  2341 | D        | Noticed a shining eye
  2341 | D        | Noticed a shining eye
  2341 | D        | Noticed a shining eye
  2341 | D        | Gained mutation: You expend magic power (3 MP) to strengthen your wands. [a shining eye]
  2343 | D        | Paralysed by a floating eye for 2 turns
  2350 | D        | Gained mutation: Your spells are a little easier to cast, but a little less powerful. [a shining eye]
  2353 | D        | Gained mutation: Your magical capacity is low. (-10% MP) [a shining eye]
  2358 | D        | Killed a shining eye
  2366 | D        | Killed a shining eye
  2371 | D        | Killed a shining eye
  2375 | D        | Gained mutation: Your spells are easier to cast, but less powerful. [a shining eye]
  2377 | D        | Killed a shining eye
  2378 | D        | Gained mutation: Your system is resistant to poisons. (rPois) [a shining eye]
  2384 | D        | Gained mutation: You are weak. (Str -2) [a shining eye]
  2385 | D        | Killed a shining eye
  2385 | D        | Reached XP level 11. HP: 115/115 MP: 8/8
  2385 | D        | Gained mutation: You are frail. (-10% HP) [a shining eye]
  2387 | D        | Gained mutation: Scrolls take you a little longer to read. [a shining eye]
  2388 | D        | Gained mutation: You tend to lose your temper in combat. [a shining eye]
  2392 | D        | Gained mutation: Your spells are much easier to cast, but much less powerful. [a shining eye]
  2393 | D        | Killed a shining eye
  2398 | D        | Noticed a shining eye
  2398 | D        | Noticed a shining eye
  2398 | D        | Lost mutation: You tend to lose your temper in combat. [a shining eye]
  2399 | D        | Gained mutation: You are dopey. (Int -2) [a shining eye]
  2409 | D        | Paralysed by a floating eye for 3 turns
  2420 | D        | Killed a shining eye
  2420 | D        | Reached skill level 17 in Fighting
  2421 | D        | Gained mutation: You are very dopey. (Int -4) [a shining eye]
  2425 | D        | Gained mutation: Scrolls take you longer to read. [a shining eye]
  2427 | D        | Gained mutation: You are clumsy. (Dex -2) [a shining eye]
  2430 | D        | Gained mutation: You are very weak. (Str -4) [a shining eye]
  2432 | D        | Killed a shining eye
  2454 | D        | Found Dalutuc's Book Shop.
  2454 | D        | Found Mebuy's Magic Scroll Shoppe.
  2454 | D        | Found Xuadiq's Distillery.
  2454 | D        | Found Joaducku's Armour Emporium.
  2461 | D        | Bought a potion of curing for 33 gold pieces
  2461 | D        | Bought a potion of berserk rage for 55 gold pieces
  2461 | D        | Bought a potion of agility for 44 gold pieces
  2461 | D        | Bought a potion of agility for 44 gold pieces
  2461 | D        | Bought a potion of agility for 44 gold pieces
  2461 | D        | Bought a potion of heal wounds for 55 gold pieces
  2461 | D        | Bought a potion of curing for 33 gold pieces
  2700 | D        | Noticed a lindwurm
  2711 | D        | Killed a lindwurm
  2734 | D        | Noticed a lorocyproca
  2761 | D        | Killed a lorocyproca
  2798 | D        | Reached skill level 15 in Long Blades
  2806 | D        | Reached skill level 15 in Shields
  2812 | D        | Reached skill level 15 in Armour
  2928 | D        | Noticed an unseen horror
  2931 | D        | Noticed an unseen horror
  2935 | D        | Killed an unseen horror
  2939 | D        | Noticed an unseen horror
  2943 | D        | Noticed an unseen horror
  2951 | D        | Killed an unseen horror
  2951 | D        | Reached skill level 18 in Fighting
  2957 | D        | Killed an unseen horror
  2957 | D        | Reached XP level 12. HP: 86/113 MP: 9/9
  2970 | D        | Noticed a 12-headed hydra
  3105 | D        | Slain by an 18-headed hydra

Skill      XL: |  1  2  3  4  5  6  7  8  9 10 11 |
---------------+----------------------------------+-----
Fighting       | 6 8 11 12 14 15 16 18 | 18.2
Armour         | 5 6 8 9 10 11 12 13 15 | 15.6
Shields        | 5 6 8 9 10 11 12 13 15 | 15.6
Dodging        | 6 8 10 11 12 14 | 14.3
Long Blades    | 3 9 12 16 | 16.3

Action                   |  1- 3 |  4- 6 |  7- 9 | 10-12 || total
-------------------------+-------+-------+-------+-------++-------
Melee: Long sword        |     8 |    32 |    68 |   297 ||   405
       Headbutt          |     2 |    14 |    30 |   110 ||   156
  Use: Potion            |       |       |     3 |     3 ||     6
       Scroll            |       |       |       |     2 ||     2
  Eat: Bread ration      |       |       |     1 |       ||     1
       Chunk             |       |       |     1 |       ||     1
       Beef jerky        |       |       |       |     2 ||     2
Armor: Scale mail        |     1 |     5 |    15 |    43 ||    64
Dodge: Dodged            |     3 |    10 |    53 |    75 ||   141
Block: Shield            |     2 |    10 |    57 |   370 ||   439
       Rpst.: Long sword |     2 |     1 |    11 |    12 ||    26
